 Dungeon Crawl Stone Soup version 0.23.2 (webtiles) character file.

Game seed: 6345551624160171637

205 Peloso the Shield-Bearer (level 5, 0/47 HPs)
             Began as a Minotaur Fighter on Apr 7, 2019.
             Slain by an orc (1 damage)
             ... on level 3 of the Dungeon.
             The game lasted 00:04:24 (1290 turns).

Peloso the Shield-Bearer (Minotaur Fighter)         Turns: 1290, Time: 00:04:25

Health: 0/47       AC:  9    Str: 21    XL:     5   Next: 53%
Magic:  4/4        EV:  6    Int:  5    God:
Gold:   111        SH: 10    Dex: 10    Spells: 4/4 levels left

rFire    . . .     SeeInvis .   a - +0 long sword
rCold    . . .     Gourm    .   c - +0 shield
rNeg     . . .     Faith    .   o - +0 chain mail
rPois    .         Spirit   .   (helmet restricted)
rElec    .         Reflect  .   (no cloak)
rCorr    .         Harm     .   (no gloves)
MR       .....                  (no boots)
Stlth    ..........             (no amulet)
HPRegen  0.15/turn              (no ring)
MPRegen  0.09/turn              (no ring)

@: no status effects
A: retaliatory headbutt, horns 2
a: no special abilities


You were on level 3 of the Dungeon.
You were not hungry.

You visited 1 branch of the dungeon, and saw 3 of its levels.

You collected 111 gold pieces.

Inventory:

Hand Weapons
 a - a +0 long sword (weapon)
 i - a +2 short sword of electrocution
Missiles
 g - 14 bolts
Armour
 b - a +0 scale mail
 c - a +0 shield (worn)
 o - a +0 chain mail (worn)
Scrolls
 h - a scroll of remove curse
Potions
 d - a potion of might
 e - a potion of heal wounds {unknown}
Comestibles
 f - 5 rations
 j - a chunk of flesh


   Skills:
 + Level 4.5 Fighting
 + Level 4.0 Long Blades
 + Level 4.6 Armour
 + Level 1.0 Dodging
 + Level 5.2 Shields


You had 4 spell levels left.
You didn't know any spells.
Your spell library was empty.

Dungeon Overview and Level Annotations

Branches:
Dungeon (3/15)

Altars:


Innate Abilities, Weirdness & Mutations

You reflexively headbutt those who attack you in melee.
You have a pair of horns on your head.


Message History

Beogh smites you!
* * * LOW HITPOINT WARNING * * *
The orc wizard mumbles some strange words.
The orc wizard blinks!
Your chain mail prevents you from hitting the orc priest.
You headbutt the orc priest.
The orc priest is moderately wounded.
The goblin hits you but does no damage.
The orc priest hits you but does no damage.
The orc wizard casts a spell.
The orc wizard blinks!
You slash the orc priest!
The orc priest is almost dead.
The goblin barely misses you. You furiously retaliate!
You headbutt the goblin!
You kill the goblin!
The orc priest invokes the aid of Beogh against you.
Pain shoots through your body!
* * * LOW HITPOINT WARNING * * *
The orc hits you.
You die...

.# #. #. .. #(##.
##. #.#.# .g #...
.# #..###K##
##...o).##.#.
##>...@oo.o...
##.##.##..#####
#.....# ..#
...#.####.# ..#
#..# ###.##..##
###..####........[.
...
...............###
.<# #..##.........#
..# #..##.##..#####


You could see 2 orc priests, 2 orcs, a hobgoblin and a kobold.

Vanquished Creatures
  Sigmund (D:3)
  An adder (D:3)
  A worm (D:2)
  A dart slug (D:2)
  A leopard gecko (D:1)
  2 giant cockroaches (D:2)
  5 goblins
  4 hobgoblins
  5 jackals (D:2)
  6 kobolds
  A quokka (D:2)
  5 bats
  5 frilled lizards
  2 rats
40 creatures vanquished.

Notes
Turn   | Place    | Note
-------+----------+-------------------------------------------
     0 | D:1      | Peloso the Minotaur Fighter began the quest for the Orb.
     0 | D:1      | Reached XP level 1. HP: 19/19 MP: 0/0
   390 | D:1      | Reached XP level 2. HP: 27/27 MP: 1/1
   622 | D:2      | Reached skill level 4 in Shields
   700 | D:2      | Reached XP level 3. HP: 30/33 MP: 2/2
   874 | D:3      | Noticed Sigmund
   897 | D:3      | HP: 1/33 [something (4)]
  1211 | D:3      | Killed Sigmund
  1211 | D:3      | Reached skill level 5 in Shields
  1211 | D:3      | Reached XP level 4. HP: 14/41 MP: 3/3
  1211 | D:3      | Reached XP level 5. HP: 17/47 MP: 4/4
  1229 | D:3      | Reached skill level 1 in Dodging
  1290 | D:3      | HP: 1/47 [orc priest/nerve-wracking pain (8)]
  1290 | D:3      | Slain by an orc

Skill      XL: |  1  2  3  4  5 |
---------------+----------------+-----
Fighting       | 4 |  4.5
Armour         | 4 |  4.6
Shields        | 4 5 |  5.2
Long Blades    | 3 4 |  4.0
Dodging        | 1 |  1.0

Action                   |  1- 3 |  4- 6 || total
-------------------------+-------+-------++-------
Melee: Long sword        |    89 |    11 ||   100
       Headbutt          |    12 |     2 ||    14
  Use: Scroll            |     5 |       ||     5
       Potion            |     3 |       ||     3
  Eat: Chunk             |       |     1 ||     1
Armor: Scale mail        |    44 |       ||    44
       Skin              |    14 |       ||    14
       Chain mail        |     7 |     4 ||    11
Dodge: Dodged            |    29 |     4 ||    33
Block: Shield            |    62 |     9 ||    71
       Rpst.: Long sword |     5 |     1 ||     6
